 Dungeon Crawl Stone Soup version 0.25.1-2-g60ff931df9 (webtiles) character file.

Game seed: 6485305848449420826

7583 MajorAdolf the Fighter (level 11, -1/163 (166) HPs)
             Began as a Naga Wanderer on Oct 7, 2020.
             Was an Initiate of Gozag.
             Killed by the air
             ... invoked by Gastronok
              (19 damage)
             ... on level 10 of the Dungeon.
             The game lasted 00:22:11 (15130 turns).

MajorAdolf the Fighter (Naga Wanderer)             Turns: 15130, Time: 00:22:12

HP:   -1/163 (166)  AC: 25    Str: 19    XL:     11   Next: 17%
MP:   19/19         EV:  1    Int: 11    God:    Gozag
Gold: 410           SH: 12    Dex: 11    Spells: 10/10 levels left

rFire    . . .     SeeInvis +   m - +1 whip (elec)
rCold    . . .     Gourm    .   P - +0 tower shield
rNeg     + + +     Faith    .   (armour currently unavailable)
rPois    +         Spirit   .   (helmet currently unavailable)
rElec    .         Reflect  .   (cloak currently unavailable)
rCorr    .         Harm     .   (gloves currently unavailable)
MR       +....     NoTele   +   (no barding)
Stlth    ++........             (no amulet)
HPRegen  0.37/turn              (no ring)
MPRegen  0.16/turn              (no ring)

@: tree-form, slowed, very slow
A: large, see invisible, slow metabolism 1, spit poison 1, AC +3
a: Spit Poison, Potion Petition, Call Merchant, Bribe Branch, Renounce Religion


You were on level 10 of the Dungeon.
You worshipped Gozag.
Gozag was aware of your devotion.
You were not hungry.
You were a tree.
You visited 2 branches of the dungeon, and saw 11 of its levels.
You also visited: Sewer.

You collected 1032 gold pieces.
You spent 520 gold pieces at shops.
You paid 102 gold pieces to Gozag.

Inventory:

Hand Weapons
 a - a +2 mace
 b - a +0 falchion
 e - a +0 dagger
 m - a +1 whip of electrocution (weapon)
 q - a +0 hunting sling
 t - a +3 dagger
 v - a +4 dagger of venom
 y - a +0 hand axe
 H - a +2 whip of flaming
 K - a +0 broad axe
 M - a +3 hand axe of freezing
Missiles
 o - 478 stones (quivered)
Armour
 d - a +0 robe
 w - the +2 cloak of Altruism (melded) {rC+ Str+3 Int+4 Dex+2}
   (You found it on level 4 of the Dungeon)

   It affects your strength (+3).
   It affects your intelligence (+4).
   It affects your dexterity (+2).
   It protects you from cold.
 D - a +0 pair of gloves (melded)
 G - a +2 plate armour of cold resistance (melded)
 L - +0 steam dragon scales
 P - a +0 tower shield (worn)
Jewellery
 z - a +4 ring of evasion {unknown}
 E - an uncursed ring of resist corrosion {unknown}
Wands
 O - a wand of polymorph (6)
 Q - a wand of acid (9)
Scrolls
 c - a scroll of noise {unknown}
 h - 4 scrolls of teleportation
 i - a scroll of magic mapping
 k - 3 scrolls of enchant armour
 n - 5 scrolls of remove curse
 p - 5 scrolls of fog {unknown}
 u - 4 scrolls of identify {unknown}
 B - a scroll of enchant weapon {unknown}
 N - a scroll of immolation {unknown}
 R - a scroll of amnesia {unknown}
Potions
 g - a potion of magic {unknown}
 j - 2 potions of haste {unknown}
 l - a potion of mutation {unknown}
 r - 3 potions of ambrosia {unknown}
 s - 4 potions of curing {unknown}
 x - a potion of heal wounds {unknown}
 A - a potion of brilliance {unknown}
 C - a potion of berserk rage {unknown}
 I - 2 potions of degeneration {unknown}
 J - 2 potions of stabbing {unknown}
Comestibles
 f - 11 rations


   Skills:
 + Level 11.1 Fighting
 - Level 3.0 Long Blades
 + Level 5.0 Axes
 - Level 1.0(3.2) Maces & Flails
 + Level 2.1 Armour
 + Level 1.7 Dodging
 - Level 4.4 Stealth
 + Level 1.7 Shields
 + Level 10.9 Evocations


You had 10 spell levels left.
You didn't know any spells.
Your spell library contained the following spells:

 Spells                   Type           Power        Failure   Level  Hunger
 Animate Skeleton         Necr           N/A          99%         1    ##.....
 Apportation              Tloc           #.....       99%         1    ##.....
 Corona                   Hex            #......      99%         1    ##.....
 Shock                    Conj/Air       #...         99%         1    ##.....
 Summon Small Mammal      Summ           #...         99%         1    ##.....
 Swiftness                Chrm/Air       #.......     100%        2    ###....
 Static Discharge         Conj/Air       #.......     100%        3    ####...
 Airstrike                Air            #.........   100%        4    #####..
 Lightning Bolt           Conj/Air       #.........   100%        5    ######.


Dungeon Overview and Level Annotations

Branches:
Dungeon (10/15)            Temple (1/1) D:6           Sewer (visited)
   Lair: D:8-11         Orc: D:9-12

Altars:
Ashenzari
Cheibriados
Dithmenos
Elyvilon
Fedhas
Gozag
Hepliaklqana
Kikubaaqudgha
Makhleb
Nemelex Xobeh
Okawaru
Qazlal
Ru
Sif Muna
Trog
Uskayaw
Vehumet
Wu Jian
Xom
Yredelemnul
Zin
The Shining One
Lugonu

Shops:
D:7 [

Annotations:
D:5 1 runed translucent door, LostGamesStreakFreak's ghost, amateur GrVM
D:8 Prince Ribbit
D:10 Gastronok


Innate Abilities, Weirdness & Mutations

You cannot wear boots.
((Your serpentine skin is tough. (AC +3)))
You have supernaturally acute eyesight. (SInv)
((Armour fits poorly on your strangely shaped body.))
((Your system is resistant to poisons. (rPois)))
((You cover ground very slowly.))
You have a slow metabolism.
You can spit poison.


Message History

Gastronok is moderately wounded.
Gastronok waves his eye-stalks in wide circles.
The air twists around and strikes you!!
You whack Gastronok! Lightning courses through Gastronok!!
Gastronok is heavily wounded.
Gastronok bites you!!
* * * LOW HITPOINT WARNING * * *
There is a stone staircase leading up here.
Okay, then.
Okay, then.
Really quaff the potion of lignification?
You turn into a tree.
The +2 cloak of Altruism {rC+ Str+3 Int+4 Dex+2} melds into your body.
Your +0 pair of gloves melds into your body.
Your +2 plate armour of cold resistance melds into your body.
You feel less resistant to cold.
Your roots penetrate the ground.
Gastronok waves his eye-stalks in wide circles.
The air twists around and strikes you!!
You die...
Your body crumbles into a pile of gold.

##########
#.........
#.........
#.........
#.w.......
#♣........
#.........(.
###.........
#######.## #


You could see Gastronok (swift).

Vanquished Creatures
  3 two-headed ogres
  Pikel (D:7)
  Maggie (D:8)
  A hippogriff (D:7)
  Grinder (D:3)
  A wraith (D:9)
  A hungry ghost (D:9)
  A water moccasin (D:8)
  An orc warrior (D:8)
  A sky beast (D:5)
  3 slaves (D:7)
  A black bear (D:7)
  3 necrophages
  A phantom (D:9)
  2 eyes of draining (D:9)
  5 ogres
  2 centaurs
  13 big kobolds
  6 bullfrogs
  5 scorpions
  3 wights (D:8)
  A howler monkey (D:4)
  3 crimson imps
  A centaur zombie (D:8)
  3 jellies
  2 hounds (D:8)
  2 orc wizards
  4 orc priests
  2 bullfrog skeletons
  4 iguanas
  6 worker ants
  A hound zombie (D:7)
  A gnoll (D:3)
  14 adders
  4 shadow imps
  3 oozes (Sewer)
  2 adder skeletons
  An adder zombie (D:9)
  9 worms
  2 dart slugs
  4 leopard geckos
  20 orcs
  3 ball pythons
  6 giant cockroaches
  11 goblins
  10 hobgoblins
  21 jackals
  3 quokkas
  5 bats
  6 frilled lizards
  51 kobolds
  A leopard gecko skeleton (D:5)
  A leopard gecko zombie (D:5)
  11 rats
274 creatures vanquished.

Vanquished Creatures (others)
  A slave (D:7)
  2 withered plants (D:5)
3 creatures vanquished.

Grand Total: 277 creatures vanquished

Notes
Turn   | Place    | Note
-------+----------+-------------------------------------------
     0 | D:1      | MajorAdolf the Naga Wanderer began the quest for the Orb.
     0 | D:1      | MajorAdolf set off with the following items: a +2 mace, a
                  | +0 falchion, a potion of lignification, a +0 robe, a +0
                  | dagger, a ration
     0 | D:1      | Reached XP level 1. HP: 19/19 MP: 1/1
    74 | D:1      | Reached XP level 2. HP: 24/27 MP: 2/2
   328 | D:1      | Reached skill level 3 in Fighting
  1040 | D:1      | Reached XP level 3. HP: 34/34 MP: 3/3
  1999 | D:2      | Reached skill level 4 in Fighting
  2379 | D:2      | Reached XP level 4. HP: 44/44 MP: 4/4
  2755 | D:2      | Found a glowing silver altar of Zin.
  3239 | D:3      | Found a glowing drain.
  3244 | Sewer    | Entered a sewer
  3391 | Sewer    | Noticed a big kobold
  3414 | Sewer    | Killed a big kobold
  3414 | Sewer    | Reached skill level 5 in Fighting
  3414 | Sewer    | Reached XP level 5. HP: 31/52 MP: 5/5
  3599 | Sewer    | Noticed a big kobold
  3626 | Sewer    | Killed a big kobold
  3626 | Sewer    | Reached skill level 6 in Fighting
  3626 | Sewer    | Reached XP level 6. HP: 41/62 MP: 6/6
  4075 | Sewer    | Reached skill level 7 in Fighting
  4197 | Sewer    | Reached XP level 7. HP: 67/72 MP: 7/7
  4345 | Sewer    | Reached skill level 8 in Fighting
  4532 | D:3      | Noticed Grinder
  4551 | D:3      | Paralysed by Grinder for 7 turns
  4576 | D:3      | Killed Grinder
  4576 | D:3      | Reached skill level 9 in Fighting
  4576 | D:3      | Reached XP level 8. HP: 40/85 MP: 8/8
  4823 | D:3      | Found an iron altar of Okawaru.
  5699 | D:3      | Reached skill level 10 in Fighting
  6270 | D:4      | Found a glowing golden altar of the Shining One.
  6430 | D:4      | Found a sparkling altar of Nemelex Xobeh.
  6446 | D:4      | Found a sacrificial altar of Ru.
  6679 | D:4      | Found a stormy altar of Qazlal.
  7148 | D:4      | Got a spiked cloak
  7159 | D:4      | Identified the +2 cloak of Altruism {rC+ Str+3 Int+4 Dex+2}
                  | (You found it on level 4 of the Dungeon)
  7306 | D:4      | Found a shimmering blue altar of Sif Muna.
  7368 | D:5      | Entered Level 5 of the Dungeon
  7427 | D:5      | Found a shattered altar of Ashenzari.
  7481 | D:5      | Found a runed translucent door.
  7481 | D:5      | Noticed LostGamesStreakFreak's ghost (amateur GrVM)
  7490 | D:5      | Found a burning altar of Makhleb.
  7494 | D:5      | Reached skill level 1 in Axes
  7952 | D:5      | Reached XP level 9. HP: 75/94 MP: 9/9
  8185 | D:5      | You fall into a shaft and drop 2 floors!
  8199 | D:7      | Reached skill level 1 in Evocations
  8710 | D:6      | Found a staircase to the Ecumenical Temple.
  8719 | Temple   | Entered the Ecumenical Temple
  9249 | D:6      | Got a shimmering jade ring
  9286 | D:6      | Identified the ring of Nobility {Ice *Drain Int+6 Dex+5}
                  | (You found it on level 6 of the Dungeon)
  9970 | D:7      | Found an opulent altar of Gozag.
 10006 | D:7      | Found Boananirgh's Armour Boutique.
 10019 | D:7      | Became a worshipper of Gozag Ym Sagoz the Greedy
 10179 | D:7      | Reached skill level 5 in Evocations
 10472 | D:7      | Found a white marble altar of Elyvilon.
 10577 | D:7      | Noticed Pikel
 10613 | D:7      | Killed Pikel
 10613 | D:7      | Reached XP level 10. HP: 68/101 MP: 13/15
 10843 | D:7      | Found a basalt altar of Yredelemnul.
 10966 | D:8      | Noticed Prince Ribbit
 11286 | D:8      | Found a shimmering altar of Xom.
 11318 | D:8      | Found a hide-covered altar of Uskayaw.
 11331 | D:8      | Found an ornate altar of the Wu Jian Council.
 11343 | D:8      | Noticed a two-headed ogre
 11643 | D:8      | Noticed Maggie
 11651 | D:8      | Killed Maggie
 11921 | D:8      | Noticed a two-headed ogre
 11930 | D:8      | Killed a two-headed ogre
 12689 | D:8      | Found a sacrificial altar of Ru.
 12824 | D:8      | Found a shadowy altar of Dithmenos.
 12935 | D:8      | Killed a two-headed ogre
 12935 | D:8      | Reached skill level 10 in Evocations
 13229 | D:7      | Bought a +2 plate armour of cold resistance for 520 gold
                  | pieces
 14090 | D:9      | Reached skill level 1 in Dodging
 14166 | D:9      | Found a shadowy altar of Dithmenos.
 14183 | D:9      | Noticed a two-headed ogre
 14198 | D:9      | Killed a two-headed ogre
 14198 | D:9      | Reached skill level 11 in Fighting
 14198 | D:9      | Reached skill level 1 in Shields
 14198 | D:9      | Reached XP level 11. HP: 24/109 MP: 19/19
 14923 | D:10     | Entered Level 10 of the Dungeon
 14923 | D:10     | Noticed Gastronok
 14944 | D:9      | Reached skill level 5 in Axes
 15130 | D:10     | Killed from afar by Gastronok

Illustrated notes

Levels and vault maps discovered:
D:1:      dpeg_arrival_chambers_temple_mockup, layout_basic,
          serial_co_window_serial, co_window_corner_a,
          co_window_of_opportunity_a, co_window_paths_a, co_window_corner_a,
          co_window_of_opportunity_a, co_window_paths_b, co_window_paths_a,
          co_window_corner_a, co_window_of_opportunity_a, co_window_2corner,
          co_window_paths_c, co_window_paths_c, co_window_broadway_c,
          chequers_mini_garden, st_stairs_12, minmay_misc_feat_encased
D:2:      layout_loops_ring, zin_academy, serial_rivers,
          chequers_serial_rivers_small_a, chequers_serial_rivers_micro_c,
          chequers_serial_rivers_micro_d, chequers_serial_rivers_micro_c,
          chequers_serial_rivers_micro_d, chequers_serial_rivers_large_a
D:3:      minmay_goblin_kobold_castle, layout_rooms,
          nicolae_overflow_crystal_walls, portal_sewer_entry_e,
          minmay_misc_feat_hallway, uniq_grinder
D:4:      layout_gridville, kennysheep_little_box, kennysheep_mini_moat,
          tso_metal_star, nicolae_qazlal_general_emergency, lemuel_tele_altar
D:5:      layout_basic, ashenzari_altar_1, makhleb_grotto_becter,
          gammafunk_ghost_grave, first_ration
D:6:      layout_loops_ring, minmay_temple_entry_butterflies
D:7:      layout_basic, kennysheep_ying_yang, grunt_gozag_breadcrumbs,
          serial_shops, shop, uniq_pikel
D:8:      layout_loops_cross, kennysheep_mini, nicolae_ru_awakened_eye,
          grunt_temple_overflow_open, uniq_prince_ribbit1, uniq_maggie
D:9:      layout_rooms, basic_altar
D:10:     layout_roguey, orc_david_3, uniq_joseph, uniq_gastronok, uniq_psyche
Temple:   corrupted_temple

Skill      XL: |  1  2  3  4  5  6  7  8  9 10 11 |
---------------+----------------------------------+-----
Fighting       | 3 4 5 6 7 9 10 11 | 11.1
Axes           | 3 4 5 |  5.0
Evocations     | 7 10 | 10.9
Dodging        | 1 |  1.7
Armour         | 2 |  2.1
Shields        | 1 |  1.7
Long Blades    | |  3.0
Maces & Flails | |  1.0
Stealth        | |  4.4

Action                   |  1- 3 |  4- 6 |  7- 9 | 10-12 || total
-------------------------+-------+-------+-------+-------++-------
Melee: Mace              |    98 |    50 |       |       ||   148
       Whip              |       |    78 |   448 |   356 ||   882
 Fire: Hunting sling     |       |       |     1 |       ||     1
 Abil: Spit Poison       |     4 |     4 |     7 |     3 ||    18
Evoke: Wand              |       |       |     5 |    10 ||    15
  Use: Scroll            |       |     4 |     2 |       ||     6
       Potion            |       |     1 |     1 |     1 ||     3
 Stab: Sleeping          |     8 |     1 |    15 |     2 ||    26
  Eat: Chunk             |     3 |     6 |    12 |       ||    21
       Ration            |       |       |     2 |     4 ||     6
Armor: Robe              |    49 |    42 |   175 |    62 ||   328
       Skin              |       |       |    19 |       ||    19
       Plate armour      |       |       |       |    61 ||    61
Dodge: Dodged            |    71 |    51 |   244 |    87 ||   453
Block: Tower shield      |       |       |       |    58 ||    58
